Map: Pillars of Gold LE

Players

MaxPax - Winner!

  • Race: Protoss Protoss
  • Spawn Location: 1:00

Solar

  • Race: Zerg Zerg
  • Spawn Location: 7:00

Event: StayAtHome Story Cup #3

VOD

Have the link to the VOD?

Description

Time

  • Played on: March 11, 2021, 9:22 a.m.
  • Length: 11:00

All games in this series

Show
View Real Time Build Order
Export as new Build Order

MaxPax Protoss - Winner!

Build Orders: 1 Gate Expand, Oracle Opening 

Get SALT Encoding   

  12  0:00  Probe  
  13  0:12  Probe  
  14  0:20  Pylon  
  14  0:24  Probe  
  15  0:38  Probe (Chrono Boost)  
  15  0:41  Gateway  
  17  0:50  Probe (Chrono Boost)  
  17  0:55  Probe (Chrono Boost)  
  18  1:14  Nexus  
  18  1:17  Probe (Chrono Boost)  
  19  1:22  Assimilator  
  19  1:26  Probe (Chrono Boost)  
  19  1:32  Probe, Assimilator  
  21  1:43  Cybernetics Core  
  21  1:47  Probe  
  21  1:53  Pylon  
  22  1:59  Probe (Chrono Boost)  
  23  2:11  Probe (Chrono Boost)  
  24  2:20  Probe (Chrono Boost)  
  24  2:21  Stargate  
  25  2:28  Probe (Chrono Boost)  
  25  2:29  Probe (Chrono Boost), Adept  
  29  2:35  Warp Gate  
  29  2:39  Probe (Chrono Boost)  
  29  2:41  Probe (Chrono Boost)  
  31  2:44  Probe (Chrono Boost)  
  31  2:50  Probe  
  33  2:52  Gateway  
  33  2:56  Probe  
  33  2:57  Void Ray (Chrono Boost)  
  37  3:06  Probe  
  37  3:08  Probe  
  39  3:18  Probe, Pylon  
  40  3:20  Probe  
  40  3:24  Adept  
  43  3:30  Probe  
  43  3:32  Probe  
  43  3:33  Oracle (Chrono Boost)  
  48  3:42  Probe  
  48  3:44  Probe  
  50  3:53  Pylon  
  50  3:55  Nexus  
  50  3:57  Probe  
  50  4:02  Assimilator x2  
  51  4:04  Probe  
  51  4:09  Probe  
  53  4:12  Stargate  
  53  4:15  Shield Battery  
  53  4:18  Probe  
  53  4:21  Probe  
  53  4:22  Void Ray (Chrono Boost)  
  60  4:33  Probe  
  61  4:41  Adept x2  
  61  4:45  Pylon  
  62  4:50  Pylon  
  62  4:52  Robotics Facility  
  62  4:59  Void Ray (Chrono Boost)  
  62  5:00  Assimilator  
  62  5:03  Probe x2  
  62  5:05  Assimilator  
  64  5:07  Probe  
  64  5:13  Void Ray (Chrono Boost)  
  73  5:15  Probe x2 (Chrono Boost)  
  73  5:20  Probe (Chrono Boost)  
  76  5:23  Shield Battery  
  76  5:27  Probe (Chrono Boost)  
  78  5:29  Void Ray  
  78  5:32  Probe (Chrono Boost)  
  78  5:33  Probe (Chrono Boost)  
  80  5:36  Probe (Chrono Boost)  
  80  5:37  Probe (Chrono Boost)  
  80  5:40  Probe (Chrono Boost)  
  80  5:41  Probe  
  86  5:46  Probe  
  88  5:51  Probe, Adept  
  88  5:53  Probe  
  88  5:54  Robotics Bay  
  92  5:58  Probe  
  92  6:03  Pylon  
  93  6:09  Pylon  
  93  6:18  Void Ray (Chrono Boost)  
  93  6:20  Pylon  
  93  6:21  Probe x3, Observer  
  93  6:22  Void Ray (Chrono Boost)  
  93  6:23  Twilight Council  
  101  6:30  Stalker  
  107  6:32  Pylon  
  107  6:33  Probe x2  
  107  6:38  Probe  
  110  6:46  Void Ray (Chrono Boost)  
  110  6:49  Void Ray (Chrono Boost)  
  114  6:55  Gateway  
  114  6:56  Gateway  
  114  6:58  Disruptor  
  121  7:03  Charge  
  121  7:08  Gateway  
  121  7:09  Templar Archives, Gateway  
  121  7:10  Zealot x2  
  125  7:21  Gateway  
  125  7:25  Pylon  
  125  7:28  Forge  
  125  7:37  Void Ray x2 (Chrono Boost)  
  132  7:58  Pylon  
  132  8:01  Pylon  
  132  8:05  Protoss Ground Weapons Level 1 (Chrono Boost)  
  132  8:06  Pylon  
  132  8:15  Pylon  
  132  8:16  Phoenix (Chrono Boost)  
  132  8:17  High Templar x2, Phoenix (Chrono Boost)  
  140  8:21  Photon Cannon, High Templar x2  
  140  8:22  Zealot x2  
  140  8:23  Pylon  
  140  8:25  Pylon  
  140  8:26  Archon  
  148  8:28  Photon Cannon, Disruptor (Chrono Boost)  
  151  8:36  Archon  
  151  8:43  Photon Cannon  
  151  8:45  Pylon, Protoss Air Weapons Level 1  
  151  8:51  Warp Prism (Chrono Boost)  
  153  8:56  Sentry  
  153  8:57  High Templar x2, Zealot x3  
  153  8:58  Zealot  
  153  9:01  Gateway, Archon  
  167  9:04  Pylon  
  167  9:05  Nexus  
  167  9:10  Pylon x2  
  166  9:19  Observer (Chrono Boost)  
  166  9:24  Zealot x5  
  165  9:38  Disruptor  
  165  9:45  High Templar x4  
  166  9:46  Zealot x3  
  166  9:49  Archon x2  
  169  9:55  Probe x3  
  169  9:58  Assimilator  
  172  10:02  Assimilator  
  172  10:07  Probe  
  172  10:09  Zealot x4  
  181  10:15  Immortal (Chrono Boost)  
  181  10:17  Zealot  
  181  10:18  Zealot x3  
  175  10:35  Zealot x4  
  142  10:51  Zealot x2  
  142  10:52  Zealot x2  
Show
View Real Time Build Order
Export as new Build Order

Solar Zerg 

Build Orders: Hatch First 

Get SALT Encoding   

  12  0:00  Drone  
  13  0:12  Overlord  
  13  0:17  Drone  
  14  0:31  Drone x2  
  16  0:49  Hatchery  
  15  0:52  Drone  
  17  0:57  Drone  
  17  1:01  Drone  
  18  1:14  Extractor  
  18  1:17  Spawning Pool  
  16  1:20  Drone  
  16  1:24  Drone  
  18  1:28  Drone  
  19  1:40  Drone  
  20  1:50  Overlord  
  20  2:04  Zergling x4  
  20  2:05  Queen x2  
  26  2:12  Drone  
  26  2:13  Drone  
  28  2:18  Metabolic Boost  
  28  2:24  Drone x2  
  30  2:41  Hatchery  
  29  2:48  Drone, Queen  
  32  2:54  Overlord  
  32  2:57  Drone  
  33  3:00  Drone  
  33  3:01  Drone  
  33  3:03  Drone  
  36  3:16  Drone x5  
  36  3:19  Zergling x2  
  42  3:21  Overlord  
  42  3:27  Queen  
  42  3:32  Spore Crawler  
  42  3:33  Drone  
  44  3:35  Overlord  
  44  3:42  Drone x2  
  44  3:43  Zergling x4  
  47  3:53  Queen  
  49  3:56  Drone x3  
  49  3:57  Drone  
  49  3:59  Drone  
  49  4:00  Spore Crawler  
  53  4:04  Queen  
  53  4:06  Drone  
  53  4:09  Overlord  
  56  4:11  Drone  
  56  4:14  Drone  
  58  4:21  Overlord  
  58  4:29  Drone  
  58  4:30  Drone x2, Spore Crawler  
  58  4:34  Zergling x6  
  58  4:38  Drone x6  
  66  4:44  Lair  
  65  4:48  Drone  
  65  4:51  Extractor, Roach Warren  
  63  4:54  Extractor  
  63  4:56  Drone x2  
  63  4:57  Drone  
  63  4:58  Overlord  
  65  5:00  Drone  
  65  5:03  Drone x2  
  65  5:04  Drone  
  69  5:08  Drone x2  
  69  5:10  Evolution Chamber  
  69  5:11  Drone  
  71  5:14  Zergling x4  
  71  5:16  Overlord  
  71  5:19  Overlord  
  73  5:23  Queen  
  73  5:26  Extractor, Drone x3  
  78  5:28  Drone  
  78  5:30  Drone  
  78  5:32  Drone x2  
  78  5:34  Extractor  
  78  5:35  Drone x2  
  82  5:38  Drone  
  82  5:40  Overlord  
  82  5:42  Overseer  
  83  5:43  Drone x2  
  83  5:45  Drone  
  83  5:46  Glial Reconstitution  
  85  5:50  Drone x3  
  85  5:51  Drone  
  85  5:55  Drone x3  
  85  5:57  Extractor  
  90  5:59  Queen  
  90  6:02  Overlord  
  91  6:08  Zerg Missile Weapons Level 1  
  91  6:09  Queen  
  91  6:10  Drone  
  94  6:13  Queen  
  94  6:17  Overlord  
  95  6:26  Spire  
  95  6:29  Drone  
  95  6:32  Drone, Infestation Pit  
  95  6:34  Hatchery, Overlord  
  95  6:35  Drone  
  95  6:37  Drone  
  95  6:38  Drone x2  
  98  6:41  Drone x2, Overseer  
  98  6:47  Overlord  
  99  6:48  Zergling x6  
  99  6:50  Drone x5  
  103  6:54  Drone x2  
  103  6:55  Drone  
  103  6:57  Drone  
  103  6:59  Drone  
  108  7:03  Queen  
  110  7:08  Overlord  
  110  7:12  Hive  
  110  7:13  Overlord  
  110  7:18  Overlord  
  110  7:20  Roach x4  
  110  7:21  Extractor x2  
  116  7:24  Roach  
  116  7:25  Overseer  
  116  7:28  Overlord  
  118  7:31  Zergling x2, Roach x3  
  118  7:36  Zergling x12  
  131  7:40  Zergling x2  
  131  7:41  Queen  
  132  7:51  Drone x4  
  136  7:53  Queen  
  135  8:04  Drone, Spore Crawler x2  
  134  8:05  Drone  
  134  8:06  Drone  
  134  8:08  Drone  
  134  8:15  Hatchery  
  134  8:16  Overlord  
  134  8:17  Queen  
  135  8:27  Corruptor x4  
  135  8:29  Queen  
  135  8:30  Viper  
  147  8:34  Overlord  
  147  8:36  Corruptor  
  147  8:39  Greater Spire  
  149  8:43  Corruptor  
  149  8:47  Corruptor  
  153  8:50  Corruptor  
  153  8:53  Viper  
  153  8:55  Corruptor  
  158  8:58  Overlord  
  158  9:01  Corruptor  
  162  9:05  Corruptor  
  162  9:09  Corruptor  
  164  9:15  Roach x3  
  170  9:19  Roach  
  170  9:21  Roach x2  
  173  9:26  Roach  
  173  9:27  Roach  
  173  9:28  Overlord  
  168  9:32  Overlord  
  149  9:40  Overlord  
  149  9:41  Overlord  
  149  9:43  Zergling x8  
  149  9:44  Zergling x4  
  149  9:45  Zergling x2  
  144  9:48  Zergling x8  
  144  9:53  Overseer x2  
  144  9:56  Corruptor x2  
  146  10:02  Drone x2  
  148  10:10  Brood Lord x3  
  148  10:12  Brood Lord  
  156  10:16  Ravager x2  
  156  10:17  Ravager x4  
  156  10:18  Zergling x4  
  158  10:22  Roach x2  
  158  10:25  Roach x2  
  143  10:29  Roach  
  143  10:30  Roach x2  
  143  10:32  Roach  
  143  10:35  Roach x2  
  139  10:36  Roach  
  139  10:37  Roach  
  139  10:41  Roach  
Tags
 
Add a new tag
Caveats
  • Supply blocks, unpowered buildings, or Contaminate may cause inaccurate times.
  • Supply counts are checked every 10 seconds.